[Event "Turkish Youth Teams U18 2024"]
[Site "Karaman"]
[Date "2024.04.23"]
[Round "5"]
[White "Yildiz, Elif Zeren"]
[Black "Buyuk, Ecrin Efsa"]
[Result "0-1"]
[ECO "B15"]
[WhiteElo "1926"]
[BlackElo "1949"]
[Annotator "TA"]
[PlyCount "112"]
[EventDate "2024.04.21"]
[EventType "team-tourn"]
[EventCountry "TUR"]
[SourceTitle "playchess.com"]
[Source "ChessBase"]
[SourceQuality "1"]
[TimeControl "5400+30"]

1. e4 c6 2. d4 d5 3. Nc3 dxe4 4. Nxe4 Nf6 5. Nxf6+ exf6 6. c3 Bd6 7. Bd3 O-O 8. Qc2 Re8+ 9. Ne2 h6 10. Be3 Be6 11. c4 (11. h3 $14) 11... Nd7 12. O-O-O Rc8 {[%emt 0:05:30] The position is equal.} 13. Kb1 b5 14. c5 Bb8 15. h4 Nf8 16. Qd2 f5 17. Qc2 Qd7 18. g3 Ng6 19. Rhg1 (19. d5 $11 {keeps the balance.} Qxd5 (19... cxd5 20. Nd4 $16) 20. b3) 19... Ne7 $17 20. Bd2 h5 21. Bf4 Nd5 22. Bxb8 Rxb8 23. Qd2 {[%emt 0:00:00] [#] Repels Nb4} a5 $1 {[%emt 0:04:30] aiming for ...Nb4.} 24. Ka1 Nb4 (24... g6 $17) 25. Bb1 $1 $15 Bxa2 26. Bxa2 Nxa2 27. Kxa2 {[%emt 0:00:30][%cal Oe2f4] Strongly threatening Nf4!} Qe6+ 28. d5 Qxe2 29. dxc6 (29. Qxe2 Rxe2 30. dxc6 Rc8) 29... Qc4+ 30. Ka1 $2 (30. Kb1 $11 Rbc8 (30... Qxc5 31. Rc1 $16) 31. Qd5) 30... Qa4+ $17 (30... Qxc5 31. Rc1 Qb6 32. c7 $16) 31. Kb1 {[%emt 0:00:30] Rge1 would now be deadly.} b4 $1 {[%emt 0:00:00][%cal Ob4b3] White must now prevent ...b3!} 32. Qf4 Qxc6 33. Qxf5 b3 ({Black should play} 33... Rbd8 $17 34. Rxd8 Rxd8) 34. Rd4 $2 (34. Rd7 $11 Rf8 35. g4) 34... Rbd8 $19 35. Rf4 Rf8 $2 {[%emt 0:00:47] Active counter play!} (35... Re7 36. Rc4 Re2) 36. Rc1 Rd5 $1 37. Qe4 Re8 (37... Rc8 $1 $17 {[%cal Oc6c5] Hoping for ...Qxc5!} 38. Qf3 Rxc5 39. Rxc5 Qxc5 40. Qxb3 Qe7) 38. Qc4 $2 (38. Qa4 $11 {and White is okay.} Rc8 39. Qxb3 Qg6+ 40. Ka2 Rdxc5 41. Re1) 38... Rb8 39. Qa4 Rb5 40. Rfc4 Qg6+ (40... Rdxc5 $2 41. Rxc5 Qg6+ 42. Ka1 $18) 41. Ka1 {[%emt 0:00:30] [#]} Rb4 42. Rxb4 axb4 43. Qxb3 {[%emt 0:00:30][%mdl 4096] Endgame. KQR-KQR} (43. Qa8+ $2 Kh7 44. Re1 Qe4 $19 (44... Rxc5 $2 45. f3 $19)) 43... Rd8 44. Qa4 {[%emt 0:02:16] Prevents Ra8.} (44. Qxb4 Ra8+ $19) (44. Qc2 Qe6 45. b3 Ra8+ 46. Kb1) 44... b3 45. Qa5 (45. c6 Qc2) (45. Qxb3 $19 Ra8+ 46. Qa2) 45... Qd3 (45... Rd4 $142 46. Qa2 bxa2 47. c6 Rc4 (47... Qh6 $2 48. f4 $19) 48. Rg1 Qc2 (48... Rxc6 49. f3 Qc2 50. Re1 Rb6 51. Re8+ Kh7 52. Rh8+ Kxh8 53. Kxa2 Qxb2#) 49. c7 Rxc7 50. Rc1 Qxc1+ 51. Kxa2 Ra7+ 52. Kb3 Rb7+ 53. Ka4 Qa1#) 46. c6 {[%emt 0:00:30] [#]} Qd1 $3 47. Kb1 Qd3+ 48. Ka1 Qd1 49. Kb1 Qd3+ (49... Qd4 $142 50. c7 (50. Qxh5 $2 Qe4+) 50... Qd3+ 51. Ka1 Rc8) 50. Ka1 Rd5 51. Qa8+ {[%emt 0:00:51] [#]} Kh7 $1 52. c7 {[%emt 0:00:00] [#]} Qd2 $1 53. Kb1 Qd3+ $2 $40 {[%emt 0:00:05][%mdl 128] White needs to defend precisely.} ({Better is} 53... Ra5 $1 $19 {( -> ...Qd3+)} 54. Qh8+ Kxh8 55. c8=Q+ Kh7) 54. Ka1 $11 Qd2 $2 (54... Qf5 $11 55. Qg8+ (55. c8=R $2 {leads to mate.} Ra5+) (55. Qxd5 Qxd5 56. Rf1 Qc6 57. Rd1 Qxc7 58. f4 Qa7+ 59. Kb1 Qf2 60. Ka1 Qxg3 61. f5 Qxh4 62. Rf1 Qa4+ 63. Kb1 Qe4+ 64. Ka1 h4 65. Rg1 h3 66. f6 g5 67. Rd1 h2 68. Rf1 h1=Q 69. Rxh1+ Qxh1#) 55... Kxg8 56. c8=Q+ Kh7 57. Qxf5+ Rxf5) 55. Kb1 $19 (55. c8=R {gets mated.} Ra5+ 56. Kb1 Qd3+) 55... Ra5 $1 56. Qe4+ f5 {[%emt 0:00:02] Weighted Error Value: White=0.70/Black=0.82.  Loses game:     	White=2     	---        Mistake:       	White=5     	Black=3      Inaccurate:     	White=4     	Black=3      OK:         	White=9     	Black=13     Best:        	White=6     	Black=5      Strong:       	White=1     	Black=2      Brilliant:      	---       	Black=1} 0-1

[Event "Turkish Youth Teams U18 2024"]
[Site "Karaman"]
[Date "2024.04.23"]
[Round "5"]
[White "Yildiz, Tunahan"]
[Black "Yalcinkaya, Efe"]
[Result "1/2-1/2"]
[ECO "A57"]
[WhiteElo "1881"]
[BlackElo "2033"]
[Annotator "TA"]
[PlyCount "128"]
[EventDate "2024.04.21"]
[EventType "team-tourn"]
[EventCountry "TUR"]
[SourceTitle "playchess.com"]
[Source "ChessBase"]
[SourceQuality "1"]
[TimeControl "5400+30"]

1. d4 Nf6 2. c4 c5 3. d5 b5 4. Qc2 bxc4 5. e4 d6 6. Bxc4 g6 7. h3 Bg7 8. Nf3 O-O 9. O-O Nbd7 10. Bf4 (10. Nc3 $14) 10... Rb8 $11 11. Nc3 Qb6 12. b3 {[%emt 0:06:30] White is slightly better.} Ba6 13. Rab1 Nh5 14. Bd2 Qb7 15. a4 Nb6 16. Nb5 Nxc4 17. bxc4 {[%emt 0:00:30][%cal Ob5d6] Threatens to win with Nxd6!} Qd7 18. Rb3 (18. Rfe1 $16) 18... Bxb5 (18... Bb7 $14) 19. axb5 $16 (19. Rxb5 a6 20. Rbb1 e6) 19... Rb7 (19... a6 $1 $14) 20. g4 Nf6 21. e5 ({White should play} 21. Re1) 21... Ne8 (21... Nxg4 $142 22. hxg4 Qxg4+ 23. Kh2 e6) 22. Re1 $36 {[%emt 0:00:21][%mdl 2048] White is on the roll. White is more active.} e6 (22... Nc7 $16 {might work better.}) 23. dxe6 fxe6 24. exd6 Qxd6 (24... Nxd6 $16 {was worth a try.} 25. Rd3 a6) 25. Rd3 $18 Qb6 26. Ne5 {[%emt 0:02:50] Inhibits Rbf7.} Bxe5 27. Rxe5 {[%emt 0:00:02] Hoping for Be3.} Rbf7 (27... a6 $142 28. Bh6 Ng7) 28. Be3 Rc7 29. Qd2 Nf6 (29... Rc8 $142 30. Bg5 (30. Rd7 Nf6 $18) 30... Ng7) 30. Rd8 Rcf7 31. Rxf8+ (31. Bxc5 $2 Rxd8 (31... Qxd8 $2 32. Qxd8 Rxd8 33. Rxe6 $19) 32. Qe2 Qc7 $19) 31... Rxf8 32. Bxc5 (32. Rxc5 Ne4 33. Qd7 Nxc5 $11) 32... Ne4 33. Rxe4 (33. Bxb6 Nxd2 34. Re2 (34. Bxa7 $2 Nf3+ 35. Kg2 Nxe5 $19) 34... Nf3+ (34... Nxc4 $2 35. Bxa7 Kf7 36. b6 $18) 35. Kg2 axb6 $17) 33... Qxc5 34. Qe3 (34. Rxe6 Qxc4 35. Re5 Qc7 $18) 34... Qxe3 35. Rxe3 {[%emt 0:00:30][%cal Oe3a3][%mdl 4096] Endgame. Black must now prevent Ra3! KR-KR} Rc8 36. Rc3 ({Less strong is} 36. Rxe6 Rxc4 37. Kg2 Rc5 $14) 36... Kf7 37. c5 Ke7 38. Kg2 Kd7 $2 (38... e5 {is a better defense.} 39. Kf3 Rb8) 39. Ra3 Rxc5 40. Rxa7+ Kd6 41. b6 h5 42. Rg7 hxg4 (42... Rb5 $142 43. b7 (43. Rxg6 hxg4 44. hxg4 Rxb6 $16) 43... hxg4) 43. hxg4 ({Worse is} 43. Rxg6 gxh3+ 44. Kxh3 Rb5 $11) 43... Rb5 44. b7 Ke5 45. Rxg6 {[%emt 0:00:56] Threatening mate with Rg5+.} Rxb7 46. Kg3 Rb3+ 47. f3 Ra3 48. Rg5+ $2 (48. Rh6 $18 {and the rest is easy. aiming for g5.} Kd6 49. Rf6) 48... Kf6 $16 49. Rb5 Rc3 50. Kf4 Rc4+ 51. Ke3 $1 Rc3+ 52. Ke4 Rc4+ {[%emt 0:00:21] [#]} 53. Kd3 $1 Ra4 54. Rc5 Rf4 55. Ke3 Ra4 56. f4 Ra3+ 57. Kd4 Ra4+ {[%emt 0:00:30] [#]} 58. Rc4 $1 Ra1 59. Ke4 Re1+ 60. Kf3 Rf1+ 61. Kg2 Ra1 62. Rc6 Ra3 63. f5 (63. Rc5 $16) 63... Kg5 $11 64. Rxe6 {[%emt 0:00:38] Strongly threatening Rg6+.} Kxg4 {[%emt 0:00:04] Weighted Error Value: White=0.36/Black=0.31.  Mistake:       	White=3     	Black=9      Inaccurate:     	White=4     	Black=2      OK:         	White=26    	Black=17     Best:        	White=3     	Black=3      Strong:       	White=3     	---} 1/2-1/2

[Event "Turkish Youth Teams U18 2024"]
[Site "Karaman"]
[Date "2024.04.23"]
[Round "5"]
[White "Cicek, Bilal Emre"]
[Black "Ilgaz, Yusuf Kerem"]
[Result "0-1"]
[ECO "A14"]
[WhiteElo "1830"]
[BlackElo "1957"]
[Annotator "TA"]
[PlyCount "85"]
[EventDate "2024.04.21"]
[EventType "team-tourn"]
[EventCountry "TUR"]
[SourceTitle "playchess.com"]
[Source "ChessBase"]
[SourceQuality "1"]
[TimeControl "5400+30"]

1. c4 e6 2. g3 d5 3. Bg2 Nf6 4. Nf3 Be7 5. O-O O-O 6. b3 c5 7. Bb2 Nc6 8. e3 d4 9. exd4 cxd4 10. Re1 Bc5 11. Ne5 Qc7 (11... Nxe5 $11 12. Rxe5 Nd7) 12. Nxc6 (12. Nd3 $14 Be7 13. Na3) 12... bxc6 $11 13. b4 {[%emt 0:03:30] The position is equal.} Rb8 14. Qc1 Qb6 15. bxc5 Qxb2 16. Qxb2 Rxb2 17. Bxc6 Ba6 18. Na3 Rc8 $1 (18... Rxd2 19. Red1 Rxd1+ 20. Rxd1 $15) 19. Bb5 Bb7 {[%emt 0:00:30] [#]} 20. c6 Bxc6 21. Bxc6 Rxc6 22. Rab1 Rxb1 (22... Rxa2 23. Rb8+) 23. Rxb1 {[%emt 0:00:30][%mdl 4096] Endgame. White wants to mate with Rb8+. KRN-KRN} g5 24. Rb8+ Kg7 25. Rb7 {[%emt 0:03:30] [#]} (25. Kf1 $11 {remains equal.}) 25... Ne4 $1 $17 {[%emt 0:06:00] Black continues to play with concentration.} 26. d3 ({Better is} 26. Rb2) 26... Nc5 27. Rxa7 Nxd3 28. Kf1 Nb2 29. Ra5 Kf6 (29... Nxc4 30. Nxc4 Rxc4 31. Rxg5+ Kf6 32. Rg4 $17) 30. Ke2 e5 31. c5 (31. g4 $17 {might work better.}) 31... Ke6 $19 32. Nb5 $2 (32. Kd2 {was called for.} Kd5 33. Kc2) 32... d3+ (32... Rxc5 33. Nxd4+ Kd5 34. Rxc5+ Kxc5 35. Nf5 $16) 33. Kf3 d2 34. Nc3 d1=Q+ 35. Nxd1 Nxd1 {[%emt 0:00:30] KRN-KR} 36. Kg4 (36. Ke2 $142 Nb2 37. h3) 36... Nxf2+ {[%emt 0:06:05] Black is clearly winning.} 37. Kxg5 Ne4+ 38. Kh6 Nxc5 39. Ra8 Kf5+ 40. Kxh7 e4 41. Ra3 Nd3 {[%emt 0:00:06][%cal Oe4e3] Threatens to win with ...e3!} 42. Ra5+ Kg4 {[%emt 0:02:05] ...e3 is the strong threat.} 43. Rd5 {[%emt 0:23:04] Weighted Error Value: White=0.65/Black=0.29 (precise) .  Mistake:       	White=6     	Black=1      Inaccurate:     	White=1     	Black=2      OK:         	White=8     	Black=6      Best:        	White=2     	Black=3      Strong:       	---       	Black=2} 0-1

[Event "Turkish Youth Teams U18 2024"]
[Site "Karaman"]
[Date "2024.04.23"]
[Round "5"]
[White "Kaynak, Deniz Can"]
[Black "Ersoz, Teoman Guney"]
[Result "1-0"]
[ECO "B27"]
[WhiteElo "1780"]
[BlackElo "2123"]
[Annotator "TA"]
[PlyCount "93"]
[EventDate "2024.04.21"]
[EventType "team-tourn"]
[EventCountry "TUR"]
[SourceTitle "playchess.com"]
[Source "ChessBase"]
[SourceQuality "1"]
[TimeControl "5400+30"]

1. e4 c5 2. Nf3 g6 3. c3 d5 4. exd5 Qxd5 5. Na3 Bg7 6. Bc4 Qd8 (6... Qe4+ $11 {was preferrable.} 7. Be2 Nf6) 7. O-O $14 Nf6 8. Qa4+ {[%emt 0:00:30] White is better.} Bd7 9. Qb3 O-O 10. Ne5 (10. Qxb7 Bc6 11. Qb3 Bxf3 12. gxf3 Nc6) 10... Qe8 11. Qxb7 {[%emt 0:00:00] White has more active pieces. The black rooks are passive.} Nc6 12. Nxd7 Qxd7 13. Qxd7 Nxd7 14. Bb5 Rac8 15. d3 Rfd8 16. Be3 Nce5 17. Rad1 Nb6 18. Rfe1 Nd5 19. Bc1 Nc7 20. Bc4 Nxc4 21. Nxc4 Nd5 22. Ne3 {[%emt 0:00:30] Strongly threatening Nxd5.} Nb6 23. Nc4 Nd5 $1 24. g3 Kf8 25. Be3 e6 26. Re2 Rd7 27. Red2 Ke7 28. Kf1 f5 29. Bg5+ Kf7 30. Re2 h6 31. Bc1 g5 32. Rde1 Rc6 {[%emt 0:00:00] [#]} 33. h4 $1 gxh4 {[%emt 0:06:00] [#]} 34. Bxh6 $1 (34. gxh4 h5 $16) 34... hxg3 $2 (34... Bxh6 35. Ne5+ (35. gxh4 $2 Bf4 $19) 35... Kg7 36. Nxc6 $18 (36. Nxd7 Rc7 $18)) (34... Nb6 {is a better defense.}) 35. Bxg7 $18 {[%emt 0:01:09] Threatens to win with Bh6.} g2+ 36. Kxg2 Kxg7 37. Ne5 (37. Rxe6 $2 {loses.} Rxe6 (37... Nf4+ $2 38. Kf3 $19) 38. Rxe6 Nf4+ 39. Kf3 Nxe6 $19) 37... Nf4+ 38. Kf3 {[%emt 0:00:00] White is clearly winning.} Nxe2 39. Nxd7 ({Weaker is} 39. Kxe2 Rdd6 $16) 39... Nxc3 40. bxc3 {[%emt 0:00:05][%mdl 4096] Endgame. KRN-KR} c4 41. Ne5 Ra6 42. Nxc4 Rxa2 43. Rxe6 {[%emt 0:00:30] Ne5 would now be deadly.} Rc2 44. Re7+ Kf6 45. Rxa7 Rxc3 46. Ra3 Rc1 47. Ne3 {[%emt 0:00:00] Weighted Error Value: White=0.12 (very precise) /Black=0.26 (precise) .  Mistake:       	---       	Black=2      Inaccurate:     	---       	Black=5      OK:         	White=11    	Black=13     Best:        	White=4     	---        Strong:       	White=2     	Black=1} 1-0

[Event "Turkish Youth Teams U18 2024"]
[Site "Karaman"]
[Date "2024.04.23"]
[Round "5"]
[White "Karadas, Hena"]
[Black "Acar, Zeynep"]
[Result "1-0"]
[ECO "D00"]
[WhiteElo "1775"]
[BlackElo "1671"]
[Annotator "NA RC COMBH"]
[PlyCount "101"]
[EventDate "2024.04.21"]
[EventType "team-tourn"]
[EventCountry "TUR"]
[SourceTitle "playchess.com"]
[Source "ChessBase"]
[SourceQuality "1"]
[TimeControl "5400+30"]

1. d4 Nf6 2. Nf3 g6 3. Nc3 d5 4. Bf4 Bg7 5. Qd2 h5 6. O-O-O c6 7. Ng5 b5 8. Kb1 a5 9. f3 a4 10. e4 b4 11. Ne2 Qb6 12. Nc1 O-O 13. e5 Ne8 14. Qe1 Nc7 15. g4 f6 16. gxh5 fxg5 17. Bxg5 gxh5 18. Bxe7 Rf7 19. Qh4 Bf5 20. Bd3 Bxd3 21. Nxd3 Ne6 22. Nc5 Qa7 23. Bd6 Nxc5 24. Bxc5 Qd7 25. Qxh5 Na6 26. Bd6 Re8 27. Rhg1 b3 28. Rd2 bxc2+ 29. Rxc2 Nc7 30. Rcg2 Ne6 31. Rg4 Nf4 32. Qh6 Qf5+ 33. Ka1 Ne6 34. Rh4 Rb7 35. Qg6 Qxg6 36. Rxg6 Kf7 37. Rhg4 Rh8 38. h4 Rh6 39. Rxh6 Bxh6 40. Kb1 Be3 41. h5 Ke8 42. Rg8+ Kf7 43. Rg6 Bg5 44. f4 Bd8 45. f5 Nf8 46. e6+ Ke8 47. Bxf8 Kxf8 48. f6 Rh7 49. h6 Bc7 50. e7+ Kf7 51. Rg7+ 1-0

[Event "Turkish Youth Teams U18 2024"]
[Site "Karaman"]
[Date "2024.04.23"]
[Round "5"]
[White "Dokmecioglu, Burak"]
[Black "Demirtas, Alper"]
[Result "0-1"]
[ECO "C02"]
[WhiteElo "1747"]
[BlackElo "2020"]
[Annotator "TA"]
[PlyCount "78"]
[EventDate "2024.04.21"]
[EventType "team-tourn"]
[EventCountry "TUR"]
[SourceTitle "playchess.com"]
[Source "ChessBase"]
[SourceQuality "1"]
[TimeControl "5400+30"]

1. e4 e6 2. d4 d5 3. e5 b6 4. Nf3 Qd7 5. Bd3 Ba6 6. O-O c5 7. Bxa6 Nxa6 8. c3 {[%emt 0:00:00] White is slightly better.} Ne7 9. Qe2 Nc7 10. Bf4 Nc6 11. Nbd2 Be7 12. h4 h6 13. h5 Rc8 14. Rac1 c4 15. Nh2 b5 16. Qg4 Bf8 17. Be3 Ne7 18. Qh3 (18. Ndf3 $14) 18... Nf5 19. g4 Nxe3 20. Qxe3 Be7 21. f4 Rb8 22. Rb1 b4 23. Qg3 (23. cxb4 $15 Rxb4 24. Kh1) 23... Qa4 $17 24. f5 Qc2 25. Qf2 {[%emt 0:02:20] [#]} (25. f6 $17) 25... bxc3 ({Black should try} 25... exf5 $1 $19 26. cxb4 Bxb4) 26. bxc3 Kd7 27. Rbc1 Qxa2 {[%emt 0:02:30] Black is much more active.} 28. Ra1 ({White should play} 28. Nhf3) 28... Qb2 (28... Qc2 $17 29. Rfc1 Qd3) 29. Rxa7 $2 {[%emt 0:00:59] Loses the game.} (29. Rfc1 $1 $15) 29... Qxc3 $19 30. Kh1 (30. Ra2 $142) 30... Ra8 31. fxe6+ fxe6 32. Rxc7+ (32. Rxa8 $142 Rxa8 33. Rd1) 32... Kxc7 33. Qf7 Kd7 34. Ne4 Qxd4 35. Nf6+ gxf6 {[%emt 0:02:30] Black mates.} 36. exf6 Qe4+ 37. Kg1 {[%emt 0:00:19] [#]} Ra2 $1 38. Qxe7+ (38. Rf3 Qe2) 38... Kc6 39. Rf3 Qe2 {[%emt 0:02:30] Weighted Error Value: White=1.08/Black=0.11 (very precise) .  Loses game:     	White=1     	---        Mistake:       	White=6     	Black=2      Inaccurate:     	White=2     	Black=1      OK:         	White=5     	Black=15     Best:        	White=1     	---} 0-1

[Event "Turkish Youth Teams U18 2024"]
[Site "Karaman"]
[Date "2024.04.23"]
[Round "5"]
[White "Ozgor, Ezel"]
[Black "Gedik, Eylul Ceren"]
[Result "0-1"]
[ECO "D43"]
[WhiteElo "1741"]
[BlackElo "1727"]
[Annotator "NA RC COMBH"]
[PlyCount "60"]
[EventDate "2024.04.21"]
[EventType "team-tourn"]
[EventCountry "TUR"]
[SourceTitle "playchess.com"]
[Source "ChessBase"]
[SourceQuality "1"]
[TimeControl "5400+30"]

1. d4 d5 2. Nf3 Nf6 3. c4 e6 4. Nc3 c6 5. Bf4 dxc4 6. e4 b5 7. Qc2 a6 8. g3 Bb7 9. Rd1 Qa5 10. Bd2 Qb6 11. Bg2 Be7 12. h3 c5 13. dxc5 Bxc5 14. Bg5 Nbd7 15. O-O h6 16. Bxf6 Nxf6 17. Rfe1 O-O 18. a3 Rfd8 19. e5 Nd5 20. Ne4 Be7 21. h4 Rac8 22. Rd4 c3 23. Nxc3 Nxc3 24. Rxd8+ Qxd8 25. bxc3 Qa5 26. Rd1 Qxc3 27. Qxc3 Rxc3 28. Rd7 Bxf3 29. Bxf3 Rxf3 30. Rxe7 Rxa3 0-1

[Event "Turkish Youth Teams U18 2024"]
[Site "Karaman"]
[Date "2024.04.23"]
[Round "5"]
[White "Sadik, Muhammed Selim"]
[Black "Cakmak, Kursat Kagan"]
[Result "0-1"]
[ECO "D37"]
[WhiteElo "1737"]
[BlackElo "1798"]
[Annotator "NA RC COMBH"]
[PlyCount "98"]
[EventDate "2024.04.21"]
[EventType "team-tourn"]
[EventCountry "TUR"]
[SourceTitle "playchess.com"]
[Source "ChessBase"]
[SourceQuality "1"]
[TimeControl "5400+30"]

1. d4 d5 2. c4 e6 3. Nf3 a6 4. c5 Nf6 5. Nc3 Be7 6. Bf4 O-O 7. e3 b6 8. cxb6 cxb6 9. Bd3 Bb7 10. O-O Nc6 11. Rc1 Rc8 12. a3 Na5 13. Ne5 b5 14. Qf3 Nc4 15. Bxc4 bxc4 16. g4 Nd7 17. Ne2 f6 18. Nxd7 Qxd7 19. Rb1 Rc6 20. b4 e5 21. Bg3 f5 22. Bxe5 fxg4 23. Qg2 h5 24. Nf4 Rh6 25. f3 Rf5 26. Ne2 Rg6 27. f4 h4 28. Kh1 Rh5 29. Nc3 h3 30. Qc2 Rf5 31. Ne2 Bh4 32. Rg1 Qf7 33. Rbf1 Bc8 34. Ng3 Rc6 35. a4 Bxg3 36. hxg3 h2 37. Rg2 Rh5 38. e4 dxe4 39. Qxe4 Bb7 40. Rd1 Rd6 41. Qe2 Bf3 42. Qf1 Rb6 43. d5 Rxb4 44. d6 Qd7 45. a5 Rh3 46. f5 c3 47. Rc1 Rb2 48. Rxc3 Bxg2+ 49. Qxg2 Ra2 0-1

[Event "Turkish Youth Teams U18 2024"]
[Site "Karaman"]
[Date "2024.04.23"]
[Round "5"]
[White "Buyuk, Elvin Esma"]
[Black "Mullakutukcu, Ela"]
[Result "1-0"]
[ECO "D11"]
[WhiteElo "1708"]
[BlackElo "1693"]
[Annotator "NA RC COMBH"]
[PlyCount "115"]
[EventDate "2024.04.21"]
[EventType "team-tourn"]
[EventCountry "TUR"]
[SourceTitle "playchess.com"]
[Source "ChessBase"]
[SourceQuality "1"]
[TimeControl "5400+30"]

1. d4 d5 2. c4 Nf6 3. Nf3 c6 4. e3 Bg4 5. Nbd2 e6 6. h3 Bh5 7. g4 Bg6 8. Ne5 Be4 9. f3 Bg6 10. h4 h6 11. Nxg6 fxg6 12. Qc2 Kf7 13. Bd3 Bd6 14. Bxg6+ Ke7 15. b3 Kd7 16. Rh3 Qc7 17. e4 dxe4 18. Nxe4 Nxe4 19. Qxe4 Rf8 20. Bd2 Na6 21. Kd1 Rad8 22. d5 Nc5 23. Qe3 Rf6 24. h5 Kc8 25. b4 Na6 26. Bc3 Bf4 27. Qe2 e5 28. Bf5+ Kb8 29. Bd2 cxd5 30. c5 Bxd2 31. Qxd2 Qe7 32. Kc2 Nc7 33. a4 Ne6 34. Bxe6 Rxe6 35. Re1 Qf6 36. Rg3 Ree8 37. Kb3 Kc7 38. g5 Qf7 39. gxh6 gxh6 40. Qxh6 d4+ 41. Ka3 Qc4 42. Qd2 d3 43. Rc1 Qf4 44. Rg7+ Kc8 45. Rd1 Qxf3 46. h6 e4 47. Qh2 Rd7 48. Rxd7 Kxd7 49. Qd6+ Kc8 50. c6 Qf7 51. Rc1 b6 52. Rg1 Rd8 53. Qg3 Qh7 54. Qh3+ Kb8 55. Rg7 d2 56. c7+ Kb7 57. cxd8=N+ Ka8 58. Qc8# 1-0

[Event "Turkish Youth Teams U18 2024"]
[Site "Karaman"]
[Date "2024.04.23"]
[Round "5"]
[White "Saskin, Ayaz"]
[Black "Simsek, Ayaz"]
[Result "0-1"]
[ECO "B11"]
[WhiteElo "1696"]
[BlackElo "1867"]
[Annotator "NA RC COMBH"]
[PlyCount "96"]
[EventDate "2024.04.21"]
[EventType "team-tourn"]
[EventCountry "TUR"]
[SourceTitle "playchess.com"]
[Source "ChessBase"]
[SourceQuality "1"]
[TimeControl "5400+30"]

1. e4 c6 2. Nc3 d5 3. Nf3 dxe4 4. Nxe4 Nf6 5. Qe2 Nxe4 6. Qxe4 Nd7 {[%emt 0:02:30] B11: Caro-Kann: Two Knights Variation.} 7. Bc4 Nf6 {[%emt 0:01:30] [#]} 8. Ne5 $1 e6 9. Qe2 b5 10. Bd3 (10. Nxc6 Qc7 11. Bd3 (11. Bxb5 $2 {too greedy.} a6 $19) 11... a6 $11 (11... Qxc6 $2 12. Bxb5 $18)) 10... Qc7 11. a4 Bd6 {[%emt 0:00:30] The main line 11...Bd6 scores better than 11...b4.} 12. Nf3 (12. Nxc6 $1 $14 b4 (12... Qxc6 $2 {perishes.} 13. Bxb5 $18) 13. Nd4) 12... b4 $146 ({Predecessor:} 12... O-O 13. Ng5 h6 14. Ne4 Nxe4 15. Bxe4 f5 16. Bf3 e5 17. g3 e4 18. Bg2 Be6 {1-0 Dobrovoljc,V (2377)-Tica,S (2396) Mitropa Cup Online 2021 (4.4)}) 13. O-O O-O 14. b3 Nd5 15. Bc4 Nf4 16. Qe3 c5 17. d4 {[%emt 0:09:30] [#]} (17. Bb2 $15) 17... cxd4 $1 18. Qxd4 Bb7 19. Bb2 f6 20. Rfe1 (20. Qe3 $17 {was the only chance.}) 20... Bxf3 (20... Bc5 $142 21. Qd1 Rad8) 21. gxf3 Be5 22. Rxe5 fxe5 23. Qxe5 Qf7 24. Kh1 $1 Rae8 25. Qe4 Ng6 26. Be2 Qf4 27. Bd4 a5 28. Be3 Qc7 $11 (28... Qf5 $17 29. Rd1 Rd8 30. Rxd8 Rxd8) 29. Bd3 (29. Bb5 $11 {remains equal.}) 29... Rf5 30. Rg1 Qf7 31. Rg3 Ne5 32. Qh4 Nxd3 33. cxd3 Rxf3 34. Rg5 Rxe3 35. fxe3 Qf1+ 36. Rg1 Qf3+ 37. Rg2 Rc8 38. h3 Qxe3 39. Qg4 Rc1+ 40. Kh2 Qe5+ 41. Rg3 Rc2+ 42. Kh1 Qd5+ 43. Rg2 Rxg2 44. Qxg2 Kf7 45. Qxd5 exd5 46. Kg2 Ke6 47. Kf3 Ke5 48. Ke3 g5 0-1

[Event "Turkish Youth Teams U18 2024"]
[Site "Karaman"]
[Date "2024.04.23"]
[Round "5"]
[White "Gul, Servet"]
[Black "Ozturk, Onur"]
[Result "1-0"]
[ECO "C26"]
[WhiteElo "1694"]
[BlackElo "1520"]
[Annotator "NA RC COMBH"]
[PlyCount "123"]
[EventDate "2024.04.21"]
[EventType "team-tourn"]
[EventCountry "TUR"]
[SourceTitle "playchess.com"]
[Source "ChessBase"]
[SourceQuality "1"]
[TimeControl "5400+30"]

1. e4 e5 2. Nc3 Nf6 3. d3 c6 4. f4 d6 5. Nf3 Bg4 6. Be2 Nbd7 7. Be3 Bxf3 8. Bxf3 exf4 9. Bxf4 Ne5 10. d4 Ng6 11. Bg3 Qb6 12. Qd2 O-O-O 13. O-O h5 14. a4 h4 15. Bf2 Qc7 16. b4 d5 17. e5 Nd7 18. Rab1 Nb6 19. Bg4+ Kb8 20. b5 Nc4 21. Qe1 Na3 22. Rb3 Nxc2 23. Qc1 Nb4 24. Qb1 Nf4 25. Rxb4 Bxb4 26. Qxb4 Nd3 27. Qb1 Nxf2 28. Rxf2 c5 29. Bf3 cxd4 30. Nxd5 Qxe5 31. Re2 Qg5 32. Qe4 Rd7 33. Qxd4 Rhd8 34. Rd2 h3 35. g3 Qf5 36. Rd3 Rc8 37. Qe3 Rc1+ 38. Qxc1 Qxd3 39. Qf4+ Kc8 40. Qe4 Qxe4 41. Bxe4 g6 42. g4 Rd6 43. Kf2 Kd7 44. Ke3 Re6 45. Nf4 Re5 46. Nd3 Re7 47. Kd4 b6 48. Kd5 Kc7 49. Ne5 f6 50. Nxg6 Rd7+ 51. Ke6 Rd2 52. Kxf6 Rxh2 53. Nf4 Rf2 54. Kf5 h2 55. g5 Rf1 56. g6 Rg1 57. Kf6 Re1 58. Bd5 Rd1 59. g7 Rxd5 60. Nxd5+ Kd6 61. g8=Q h1=Q 62. Qf8+ 1-0